 Dungeon Sprint DCSS version 0.27-a0-592-g0306a34022 (webtiles) character file.

Game seed: 15734642318227671653

18128 rocky1 the Earth Mage (level 12, -1/107 HPs)
             Began as a Purple Draconian Earth Elementalist on Mar 11, 2021.
             Was a High Priest of Sif Muna.
             Engulfed by a cloud of freezing vapour (31 damage)
             ... in the Dungeon (Sprint VII: "The Pits").
             The game lasted 00:17:49 (3248 turns).

rocky1 the Earth Mage (DrEE)                        Turns: 3248, Time: 00:17:50

Health: -1/107     AC:  9    Str: 10    XL:     12   Next: 25%
Magic:  15/29      EV: 22    Int: 22    God:    Sif Muna [*****.]
Gold:   0          SH:  0    Dex: 11    Spells: 7/37 levels left

rFire    . . .     SeeInvis .   m - +2 quarterstaff (speed)
rCold    . . .     Faith    .   (shield currently unavailable)
rNeg     . . .     Spirit   .   (armour unavailable)
rPois    .         Reflect  .   (helmet restricted)
rElec    .         Harm     .   n - +0 cloak {rCorr}
rCorr    +         Rampage  .   (no gloves)
Will     +....     NoTele   +   (no boots)
Stlth    ++........             (no amulet)
HPRegen  0.27/turn              o - +3 ring of evasion
MPRegen  0.21/turn              p - +3 ring of evasion

@: slowed, very slow
A: breathe power, unfitting armour, cold-blooded, AC +8
a: Breathe Dispelling Energy, Renounce Religion, Channel Magic, Forget Spell,
Divine Exegesis


You were in the Dungeon.
You worshipped Sif Muna.
Sif Muna was extremely pleased with you.
You visited 1 branch

Inventory:

Hand Weapons
 e - a +4 lajatang
 h - a +2 long sword of protection
 m - a +2 quarterstaff of speed (weapon)
 u - a +2 scimitar of holy wrath
Missiles
 b - 21 stones
Armour
 k - a +0 kite shield
 n - a +0 cloak of preservation (worn)
Jewellery
 o - a +3 ring of evasion (right hand)
 p - a +3 ring of evasion (left hand)
Wands
 l - a wand of flame (9)
Scrolls
 i - 5 scrolls of amnesia
 j - a scroll of summoning
Potions
 a - 2 potions of invisibility
 c - 8 potions of curing
 d - 11 potions of heal wounds
 f - 4 potions of magic
 g - a potion of berserk rage
 q - a potion of resistance
 r - 2 potions of mutation


   Skills:
 + Level 10.3 Fighting
 + Level 11.5 Dodging
 - Level 1.7 Stealth
 + Level 13.4 Spellcasting
 + Level 8.9 Conjurations
 + Level 9.0 Transmutations
 + Level 8.9 Fire Magic
 + Level 15.1 Earth Magic
 - Level 13.0 Invocations
 - Level 6.5 Evocations


You had 7 spell levels left.
You knew the following spells:

 Your Spells              Type           Power      Damage    Failure   Level
a - Sandblast             Erth           100%       2d20      0%          1
b - Stone Arrow           Conj/Erth      100%       3d13      1%          3
c - Lee's Rapid Deconstr  Erth           34%        3d18*     1%          5
d - Petrify               Tmut/Erth      61%        N/A       1%          4
e - Bolt of Magma         Conj/Fire/Erth 29%        4d13      1%          5
f - Iron Shot             Conj/Erth      30%        9d6       4%          6
g - Statue Form           Tmut/Erth      40%        N/A       4%          6

Your spell library contained the following spells:

 Spells                   Type           Power      Damage    Failure   Level
 Shock                    Conj/Air       100%       1d9       1%          1
 Passwall                 Tmut/Erth      50%        N/A       1%          2
 Spider Form              Tmut/Pois      17%        N/A       1%          3
 Leda's Liquefaction      Hex/Erth       24%        N/A       1%          4
 Blade Hands              Tmut           26%        N/A       2%          5
 Mephitic Cloud           Conj/Pois/Air  27%        N/A       3%          3
 Iskenderun's Battlesphe  Conj           52%        2d10      3%          5
 Borgnjor's Vile Clutch   Necr/Erth      24%        N/A       5%          5
 Call Canine Familiar     Summ           14%        N/A       13%         3
 Confusing Touch          Hex            14%        N/A       13%         3
 Gell's Gravitas          Tloc           7%         N/A       13%         3
 Summon Guardian Golem    Hex/Summ       14%        N/A       13%         3
 Starburst                Conj/Fire      26%        8x6d8     17%         6
 Alistair's Intoxication  Tmut/Pois      22%        N/A       19%         5
 Lightning Bolt           Conj/Air       17%        1d31      19%         5
 Yara's Violent Unravell  Hex/Tmut       17%        3d8       19%         5
 Summon Ice Beast         Ice/Summ       14%        N/A       38%         4
 Summon Lightning Spire   Summ/Air       14%        N/A       38%         4
 Orb of Destruction       Conj           26%        9d10      67%         7
 Metabolic Englaciation   Hex/Ice        7%         N/A       75%         5
 Silence                  Hex/Air        7%         N/A       75%         5
 Simulacrum               Ice/Necr       7%         N/A       100%        6
 Lehudib's Crystal Spear  Conj/Erth      30%        10d8      90%         8
 Absolute Zero            Ice            7%         ∞         100%        9
 Shatter                  Erth           34%        3d28*     100%        9


Dungeon Overview and Level Annotations

Branches:
Dungeon (1/1)

Altars:
Ashenzari
Cheibriados
Dithmenos
Elyvilon
Fedhas
Gozag
Hepliaklqana
Kikubaaqudgha
Makhleb
Nemelex Xobeh
Okawaru
Qazlal
Ru
Sif Muna
Trog
Uskayaw
Vehumet
Wu Jian
Xom
Yredelemnul
Zin
The Shining One
Beogh
Jiyva
Lugonu


Innate Abilities, Weirdness & Mutations

You can breathe bolts of dispelling energy.
Your rich purple scales are hard. (AC +8)
You cannot fit into any form of body armour.
You are cold-blooded and may be slowed by cold attacks.


Message History

Aiming: Lee's Rapid Deconstruction (mildly dangerous; 1% risk of failure)
Press: ? - help, Dir - move target A metal wall.
The metal wall shatters!
The blast of metal fragments hits the blizzard demon!!
The blizzard demon is heavily wounded.
The blizzard demon gestures at you. The freezing blast misses you.
Casting: Lee's Rapid Deconstruction (mildly dangerous; 1% risk of failure)
Confirm with . or Enter, or press ? or * to list all spells.
Okay, then.
You are engulfed in freezing vapours.
You feel yourself slow down.
Items here: )) [[ ÷ †.
You are engulfed in freezing vapours.
You feel as though you will be slow longer.
The blizzard demon is engulfed in freezing vapours.
The blizzard demon waves its arms in wide circles.
The air twists around and strikes you!
The blizzard demon is engulfed in freezing vapours.
Things that are here:
a +0 rapier; a +0 rapier; a +0 leather armour
Casting: Lee's Rapid Deconstruction (mildly dangerous; 1% risk of failure)
Confirm with . or Enter, or press ? or * to list all spells.
Aiming: Lee's Rapid Deconstruction (mildly dangerous; 1% risk of failure)
Press: ? - help, Dir - move target A metal wall.
The metal wall shatters!
The blast of metal fragments hits the blizzard demon!!
You kill the blizzard demon!
Sif Muna accepts your kill.
You see here Sif Muna's Volume of Conjuration.
Sif Muna grants you a gift!
You are engulfed in freezing vapours.
* * * LOW HITPOINT WARNING * * *
Your Transmutations skill increases to level 9!
Unknown command.
You pick up Sif Muna's Volume of Conjuration and begin reading...
You add the spells Iskenderun's Battlesphere, Lightning Bolt, Starburst and Orb of Destruction to your library.
You are engulfed in freezing vapours.
You die...

#++################
#........o.........
#........o.........
#○○##############++
#..# #.°# ######
#.)# .##..# #°@#
.##..# #..# .'').#
#..#
.''..##########..#
.##.........[....#
.##..............#
##################


There were no monsters in sight!

Vanquished Creatures
  A pearl dragon (D)
  A deep elf blademaster (D)
  A sphinx (D)
  A death cob (D)
  A draconian shifter (D)
  A blizzard demon (D)
  A naga warrior (D)
  A death knight (D)
  A deep elf knight (D)
  A shadow wraith (D)
  3 orc knights (D)
  2 manticores (D)
  A smoke demon (D)
  A cane toad (D)
  A komodo dragon (D)
  A freezing wraith (D)
  A troll (D)
  A jumping spider (D)
  A flying skull (D)
  A redback (D)
  2 shadows (D)
  A fire elemental (D)
  A basilisk (D)
  2 chaos spawn (D)
  3 yaks (D)
  A necrophage (D)
  6 wolves (D)
  A centaur (D)
  Blork the orc (D)
  A scorpion (D)
  Crazy Yiuf (D)
  An orc priest (D)
  An iguana (D)
  A worker ant (D)
  A river rat (D)
  A white imp (D)
  3 ufetubi (D)
  An ooze (D)
  A leopard gecko (D)
  2 orcs (D)
  2 ball pythons (D)
  A bat skeleton (D)
  A giant cockroach (D)
  7 jackals (D)
  A kobold (D)
67 creatures vanquished.

Vanquished Creatures (others)
  A spriggan defender (D)
1 creature vanquished.

Grand Total: 68 creatures vanquished

Notes
Turn   | Place    | Note
-------+----------+-------------------------------------------
     0 | D        | rocky1 the Draconian Earth Elementalist began the quest for
                  | the Orb.
     0 | D        | Reached XP level 1. HP: 14/14 MP: 3/3
    23 | D        | Reached skill level 4 in Earth Magic
    52 | D        | Found a bloodstained altar of Trog.
    52 | D        | Found a shimmering blue altar of Sif Muna.
    52 | D        | Found a viscous altar of Jiyva.
    52 | D        | Found a hazy altar of Hepliaklqana.
    52 | D        | Found an opulent altar of Gozag.
    53 | D        | Found a glowing golden altar of the Shining One.
    53 | D        | Found a glowing silver altar of Zin.
    53 | D        | Found a basalt altar of Yredelemnul.
    53 | D        | Found a shimmering altar of Xom.
    53 | D        | Found an ornate altar of the Wu Jian Council.
    53 | D        | Found a sacrificial altar of Ru.
    53 | D        | Found a stormy altar of Qazlal.
    53 | D        | Found an iron altar of Okawaru.
    53 | D        | Found a sparkling altar of Nemelex Xobeh.
    53 | D        | Found a burning altar of Makhleb.
    53 | D        | Found a blossoming altar of Fedhas.
    53 | D        | Found a white marble altar of Elyvilon.
    53 | D        | Found a shadowy altar of Dithmenos.
    53 | D        | Found a snail-covered altar of Cheibriados.
    56 | D        | Found a corrupted altar of Lugonu.
    56 | D        | Found a radiant altar of Vehumet.
    57 | D        | Found an ancient bone altar of Kikubaaqudgha.
    57 | D        | Found a hide-covered altar of Uskayaw.
    57 | D        | Found a broken altar of Ashenzari.
    58 | D        | Became a worshipper of Sif Muna the Loreminder
    73 | D        | Reached skill level 5 in Earth Magic
    73 | D        | Reached XP level 2. HP: 12/20 MP: 3/5
    74 | D        | HP: 1/20 [ufetubus (2)]
   487 | D        | Reached * piety under Sif Muna
   489 | D        | Reached skill level 6 in Earth Magic
   494 | D        | Noticed Blork the orc
   509 | D        | Reached ** piety under Sif Muna
   510 | D        | Reached XP level 3. HP: 17/26 MP: 4/6
   512 | D        | Killed Blork the orc
   513 | D        | Reached skill level 9 in Earth Magic
   513 | D        | Reached XP level 4. HP: 15/33 MP: 4/7
   787 | D        | Learned a level 3 spell: Stone Arrow
   796 | D        | Reached *** piety under Sif Muna
   797 | D        | Noticed a flying skull
   816 | D        | Killed a flying skull
   817 | D        | Reached skill level 10 in Earth Magic
   817 | D        | Reached XP level 5. HP: 37/38 MP: 4/11
   817 | D        | Reached XP level 6. HP: 43/45 MP: 4/12
   823 | D        | Reached **** piety under Sif Muna
   922 | D        | Noticed Crazy Yiuf
   923 | D        | Killed Crazy Yiuf
   924 | D        | Reached skill level 5 in Invocations
   982 | D        | Learned a level 5 spell: Lee's Rapid Deconstruction
   987 | D        | Learned a level 4 spell: Petrify
  1080 | D        | Reached skill level 5 in Spellcasting
  1080 | D        | Reached skill level 11 in Earth Magic
  1108 | D        | Reached ***** piety under Sif Muna
  1108 | D        | Received a gift from Sif Muna
  1109 | D        | Reached skill level 5 in Dodging
  1139 | D        | Killed a shadow wraith
  1140 | D        | Your scales start taking on a rich purple colour.
  1140 | D        | Reached XP level 7. HP: 60/60 MP: 4/18
  1209 | D        | Noticed a manticore
  1209 | D        | Noticed a shadow
  1215 | D        | Killed a shadow
  1216 | D        | Reached skill level 5 in Fighting
  1216 | D        | Reached skill level 12 in Earth Magic
  1216 | D        | Reached XP level 8. HP: 68/68 MP: 3/20
  1222 | D        | Killed a manticore
  1520 | D        | Noticed a smoke demon
  1523 | D        | Killed a smoke demon
  1523 | D        | Identified Sif Muna's Volume of Dusty Feathers (Sif Muna
                  | gifted it to you in the Dungeon)
  1523 | D        | Received a gift from Sif Muna
  1634 | D        | Noticed a manticore
  1634 | D        | Noticed a death yak
  1634 | D        | Noticed a jumping spider
  1642 | D        | Reached XP level 9. HP: 79/79 MP: 16/22
  1643 | D        | Killed a jumping spider
  1644 | D        | Reached skill level 10 in Spellcasting
  1724 | D        | Learned a level 5 spell: Bolt of Magma
  1731 | D        | Noticed a freezing wraith
  1740 | D        | Identified Sif Muna's Guide on Creative Clay (Sif Muna
                  | gifted it to you in the Dungeon)
  1740 | D        | Received a gift from Sif Muna
  1741 | D        | Reached skill level 1 in Conjurations
  1741 | D        | Reached skill level 1 in Fire Magic
  1741 | D        | Reached skill level 1 in Evocations
  1741 | D        | Killed a freezing wraith
  1742 | D        | Reached skill level 13 in Earth Magic
  1875 | D        | Reached skill level 10 in Invocations
  1925 | D        | Noticed a manticore
  1928 | D        | Killed a manticore
  1933 | D        | Reached XP level 10. HP: 68/90 MP: 7/24
  2025 | D        | Learned a level 6 spell: Iron Shot
  2032 | D        | Learned a level 6 spell: Statue Form
  2050 | D        | Identified Sif Muna's Compendium of Shifting Feathers (Sif
                  | Muna gifted it to you in the Dungeon)
  2050 | D        | Received a gift from Sif Muna
  2175 | D        | Noticed a cane toad
  2177 | D        | Killed a cane toad
  2277 | D        | Noticed a death knight
  2278 | D        | Noticed a death cob
  2280 | D        | Noticed a purple draconian shifter
  2281 | D        | Killed a death cob
  2281 | D        | Killed a death knight
  2281 | D        | Killed a purple draconian shifter
  2281 | D        | Noticed a pearl dragon
  2281 | D        | Noticed a spriggan defender
  2282 | D        | Reached skill level 10 in Fighting
  2282 | D        | Reached skill level 5 in Conjurations
  2282 | D        | Reached skill level 5 in Transmutations
  2282 | D        | Reached skill level 5 in Fire Magic
  2282 | D        | Reached XP level 11. HP: 76/99 MP: 1/26
  2325 | D        | Killed a spriggan defender
  2326 | D        | Reached skill level 10 in Dodging
  2470 | D        | Killed a pearl dragon
  2471 | D        | Reached skill level 14 in Earth Magic
  2516 | D        | Noticed a deep elf knight
  2517 | D        | Killed a deep elf knight
  2517 | D        | Identified Sif Muna's Handbook of Frigorific Earth (Sif
                  | Muna gifted it to you in the Dungeon)
  2517 | D        | Received a gift from Sif Muna
  2801 | D        | Noticed an orc knight
  2808 | D        | Killed an orc knight
  2808 | D        | Noticed a deep elf blademaster
  2813 | D        | Killed a deep elf blademaster
  2904 | D        | Noticed a sphinx
  2908 | D        | Killed a sphinx
  2909 | D        | Reached XP level 12. HP: 96/106 MP: 7/29
  2962 | D        | Noticed a naga warrior
  2968 | D        | Killed a naga warrior
  3094 | D        | Identified the +1 plate armour of a ziggurat {Rampage
                  | *Corrode Dex+4}
  3119 | D        | Reached skill level 15 in Earth Magic
  3242 | D        | Noticed a blizzard demon
  3247 | D        | Killed a blizzard demon
  3247 | D        | Identified Sif Muna's Volume of Conjuration (Sif Muna
                  | gifted it to you in the Dungeon)
  3247 | D        | Received a gift from Sif Muna
  3248 | D        | Engulfed by a cloud of freezing vapour

Illustrated notes

Levels and vault maps discovered:
D:        pitsprint [storerooms_1, entrance_room_1, metal_vault_3, armoury_3,
          mini_pit_1, grid_room_1, main_hall_1, silver_pit, the_coven_3,
          the_vestibule_1, steel_vault_2, golden_pit, hallway_of_sentries,
          crystal_vault_6, iron_vault_5, final_vault]

Skill      XL: |  1  2  3  4  5  6  7  8  9 10 11 12 |
---------------+-------------------------------------+-----
Earth Magic    | 5 6 9 10 11 12 13 14 15 | 15.1
Dodging        | 4 6 8 9 11 | 11.5
Spellcasting   | 4 7 8 9 10 11 13 | 13.4
Invocations    | 4 7 9 10 11 12 13 | 13.0
Fighting       | 4 5 7 8 10 | 10.3
Conjurations   | 3 5 8 |  8.9
Fire Magic     | 3 5 8 |  8.9
Evocations     | 3 6 |  6.5
Transmutations | 3 5 8 9 |  9.0
Stealth        | |  1.7

Action                   |  1- 3 |  4- 6 |  7- 9 | 10-12 || total
-------------------------+-------+-------+-------+-------++-------
Melee: Unarmed           |     9 |       |       |       ||     9
       Quarterstaff      |    12 |    23 |       |       ||    35
       Tailslap          |     3 |     2 |       |       ||     5
 Cast: Sandblast         |     8 |     8 |     1 |     2 ||    19
       Lee's Rapid Decon |       |     3 |    22 |    43 ||    68
       Stone Arrow       |       |     2 |     2 |     4 ||     8
       Shatter           |       |       |       |     2 ||     2
       Bolt of Magma     |       |       |       |     1 ||     1
Invok: Channel Magic     |       |     1 |     2 |     5 ||     8
       Divine Exegesis   |       |       |       |     2 ||     2
  Use: Potion            |     1 |     2 |       |     1 ||     4
       Scroll            |       |       |       |     1 ||     1
Armor: Skin              |     6 |     4 |     5 |     3 ||    18
Dodge: Dodged            |    14 |    15 |     6 |    13 ||    48

Table legend: (Time is in decaauts)
 A = Elapsed time spent in this place.
 B = Non-inter-level travel time spent in this place.
 C = Inter-level travel time spent in this place.
 D = Time resting spent in this place.
 E = Time spent auto-exploring this place.
 F = Levels seen in this place.
 G = Mean time per level.
                   A        B        C        D        E       F      G
               +--------+--------+--------+--------+--------+-----+--------+
         Total |   3241 |   3211 |     30 |   2348 |      0 |   1 | 3241.0 |
       Dungeon |   3241 |   3211 |     30 |   2348 |      0 |   1 | 3241.0 |
               +--------+--------+--------+--------+--------+-----+--------+

Top non-repeatable levels by time:
       D: 3241 daAuts
